 Dungeon Crawl Stone Soup version 0.19.1-1-g22dce08 (webtiles) character file.

194 Faustar the Slasher (level 6, -2/47 HPs)
             Began as a Formicid Abyssal Knight on Jan 1, 2017.
             Was a Priest of Lugonu.
             Slain by a hound (4 damage)
             ... on level 3 of the Dungeon.
             The game lasted 00:03:43 (3234 turns).

Faustar the Slasher (Formicid Abyssal Knight)       Turns: 3234, Time: 00:03:44

Health: -2/47      AC:  4    Str: 16 (19) XL:     6   Next: 3%
Magic:  7/7        EV: 11    Int: 10 (11) God:    Lugonu [***...]
Gold:   89         SH:  0    Dex:  9 (10) Spells: 0 memorised, 5 levels left

rFire  . . .     SeeInvis +     a - +1 falchion
rCold  . . .     Gourm    .     b - +0 leather armour
rNeg   . . .     Faith    .     (no shield)
rPois  .         Spirit   .     (helmet unavailable)
rElec  .         Reflect  .     (no cloak)
rCorr  .         Harm     .     j - +0 pair of gloves
MR     .....                    (no boots)
Stlth  +.........               (no amulet)
                                (no ring)
                                (no ring)

@: no status effects
A: permanent stasis, dig shafts and tunnels, four strong arms, antennae 3
a: Dig, Shaft Self, Depart the Abyss, Bend Space, Banish, Renounce Religion


You were on level 3 of the Dungeon.
You worshipped Lugonu.
Lugonu was most pleased with you.
You were not hungry.

You visited 1 branch of the dungeon, and saw 3 of its levels.
You visited the Abyss 1 time.

You collected 89 gold pieces.

Inventory:

Hand Weapons
 a - a +1 falchion (weapon)
Armour
 b - a +0 leather armour (worn)
 j - a +0 pair of gloves (worn)
Jewellery
 d - a cursed -2 ring of evasion {unknown}
Wands
 p - a wand of polymorph (18/24)
Scrolls
 e - 4 scrolls of remove curse {unknown}
 f - a scroll of blinking {unknown}
 k - a scroll of enchant armour {unknown}
 l - 3 scrolls of identify {unknown}
 m - 2 scrolls of teleportation {unknown}
 t - a scroll of amnesia {unknown}
 v - a scroll of magic mapping {unknown}
Potions
 i - a potion of invisibility {unknown}
 n - a potion of might {unknown}
 q - a potion of degeneration
 r - a potion of flight {unknown}
 s - a potion of agility {unknown}
Comestibles
 c - 6 bread rations
 g - a meat ration
 h - 3 beef jerkies
 o - a royal jelly
 u - 4 chunks of flesh


   Skills:
 - Level 3.2 Fighting
 + Level 5.8 Long Blades
 - Level 2.1 Armour
 - Level 0.8 Dodging
 - Level 2.1 Invocations


You had 5 spell levels left.
You didn't know any spells.

Dungeon Overview and Level Annotations

Branches:
Dungeon (3/15)

Altars:
Nemelex Xobeh
Okawaru
Xom


Innate Abilities, Weirdness & Mutations

You are under a permanent stasis effect.
You can dig through walls and to a lower floor.
Your four strong arms can wield two-handed weapons with a shield.
You have a pair of large antennae on your head. (SInv)


Message History

* * * LOW HITPOINT WARNING * * *
The orc wizard hits you with a dagger.
* * * LOW HITPOINT WARNING * * *
The hound closely misses you.
You hit the orc wizard.
You kill the orc wizard!
Lugonu accepts your kill.
You have reached level 6!
Your experience leads to an increase in your attributes!
Increase (S)trength, (I)ntelligence, or (D)exterity?
You feel stronger.
The orc hits you from afar with a trident.
* * * LOW HITPOINT WARNING * * *
The hound bites you.
* * * LOW HITPOINT WARNING * * *
It was a potion of degeneration.
There was something very wrong with that liquid.
You feel weakened.
You feel dopey.
You feel clumsy. The hound bites you.
You die...

#..###.#.#..##.# #.#
#..#.....#..##.# { #.#
#..#.#.### ...# #.#
#....#.# . #. { #.#
#..###.###. #. ###.####
#..)........#. .. #......#
..######.##.#.## ..
#.#.##.# .##
#......?####.######.#.##.#
.#
#.......h@)...........##.#
.#
.##..#.###o#######...##(#
## #.....##.# ###.....(# #
##.#..##.# #.....(.##
#.......#####.##......
#......(..#...##..)....###
#####
#######..............#.# #
..... #...#...###.####.# #
##......# ######.##
#.########


You could see a hound and an orc.

Vanquished Creatures
  An orc wizard (D:3)
  2 gnolls (D:3)
  5 adders
  3 worms
  2 dart slugs
  5 leopard geckos
  2 orcs (D:3)
  2 giant cockroaches
  7 goblins
  11 hobgoblins
  12 jackals
  2 ball pythons
  10 bats
  3 frilled lizards
  13 kobolds
  3 rats
83 creatures vanquished.

Notes
Turn   | Place    | Note
-------+----------+-------------------------------------------
     0 | Abyss:1  | Faustar the Formicid Abyssal Knight began the quest for the Orb.
     0 | Abyss:1  | Reached XP level 1. HP: 18/18 MP: 2/2
    80 | D:1      | Escaped the Abyss
   253 | D:1      | Reached XP level 2. HP: 19/24 MP: 3/3
   324 | D:1      | Reached skill level 3 in Long Blades
   333 | D:1      | Reached ** piety under Lugonu
   540 | D:1      | Reached XP level 3. HP: 21/29 MP: 4/4
   750 | D:2      | Found a shimmering altar of Xom.
  1350 | D:2      | Reached skill level 4 in Long Blades
  1350 | D:2      | Reached XP level 4. HP: 17/35 MP: 5/5
  1771 | D:2      | Found a sparkling altar of Nemelex Xobeh.
  1981 | D:2      | Reached *** piety under Lugonu
  2342 | D:3      | Reached XP level 5. HP: 27/41 MP: 6/6
  2526 | D:3      | Found an iron altar of Okawaru.
  2542 | D:3      | Reached skill level 5 in Long Blades
  3233 | D:3      | Reached XP level 6. HP: 8/47 MP: 7/7
  3233 | D:3      | HP: 2/47 [orc/trident (6)]
  3234 | D:3      | Slain by a hound

Skill      XL: |  1  2  3  4  5 |
---------------+----------------+-----
Long Blades    | 3 4 5 |  5.8
Fighting       | |  3.2
Armour         | |  2.1
Dodging        | |  0.8
Invocations    | |  2.1

Action                   |  1- 3 |  4- 6 || total
-------------------------+-------+-------++-------
Melee: Falchion          |   105 |   159 ||   264
  Use: Potion            |       |     1 ||     1
 Stab: Distracted        |       |     1 ||     1
  Eat: Chunk             |     1 |     7 ||     8
Armor: Leather armour    |    42 |    48 ||    90
Dodge: Dodged            |    75 |   116 ||   191
       Rpst.: Falchion   |    24 |    35 ||    59
